 Dungeon Crawl Stone Soup version 0.30-a0-3-gc9032a9cac (webtiles) character file.

Game seed: 3963852043093642184

121 BritishOli the Trooper (level 4, -3/37 HPs)
             Began as a Demonspawn Fighter on Aug 20, 2022.
             Was an Initiate of Okawaru.
             Slain by Duvessa
             ... wielding a +0 rapier
              (5 damage)
             ... on level 4 of the Dungeon.
             The game lasted 00:02:14 (3212 turns).

BritishOli the Trooper (Demonspawn Fighter)         Turns: 3212, Time: 00:02:14

Health: -3/37      AC:  6    Str: 19    XL:     4   Next: 76%
Magic:  4/4        EV:  9    Int:  9    God:    Okawaru [......]
Gold:   219        SH:  5    Dex: 14    Spells: 3/3 levels left

rFire   . . .      SeeInvis .    a - +0 long sword
rCold   . . .      Faith    .    c - +0 buckler
rNeg    . . .      Spirit   .    b - +0 scale mail
rPois   +          Reflect  .    (helmet restricted)
rElec   .          Harm     .    (no cloak)
rCorr   .          Rampage  .    (no gloves)
Will    .....                    (no boots)
Stlth   +.........               (no amulet)
HPRegen 0.12/turn                f - ring of poison resistance
MPRegen 0.09/turn                (no ring)

@: no status effects
A: antennae 1, thin skeletal structure 1
a: Renounce Religion


You were on level 4 of the Dungeon.
You worshipped Okawaru.
Okawaru was noncommittal.
You visited 1 branch of the dungeon, and saw 4 of its levels.

You collected 219 gold pieces.

Inventory:

Hand Weapons
 a - a +0 long sword (weapon)
Armour
 b - a +0 scale mail (worn)
 c - a +0 buckler (worn)
Jewellery
 f - a ring of poison resistance (left hand)
Wands
 v - a wand of acid (4)
Scrolls
 e - a scroll of acquirement {unknown}
 g - a scroll of fear {unknown}
 h - 5 scrolls of identify {unknown}
 i - 2 scrolls of amnesia {unknown}
 k - a scroll of vulnerability {unknown}
 n - a scroll of blinking {unknown}
 o - a scroll of enchant weapon {unknown}
 p - a scroll of enchant armour {unknown}
 r - a scroll of torment {unknown}
 s - 4 scrolls of magic mapping {unknown}
 x - a scroll of teleportation {unknown}
Potions
 d - 2 potions of might
 j - a potion of heal wounds
 l - 3 potions of haste {unknown}
 m - 2 potions of invisibility {unknown}
 q - a potion of curing {unknown}
 t - a potion of degeneration {unknown}
 u - 2 potions of cancellation {unknown}
 w - 2 potions of mutation {unknown}
 z - a potion of resistance {unknown}


   Skills:
 + Level 3.7 Fighting
 + Level 2.7 Long Blades
 + Level 3.3 Armour
 + Level 3.4 Shields


You had 3 spell levels left.
You didn't know any spells.
Your spell library contained the following spells:

 Spells                   Type           Power      Damage    Failure   Level
 Blink                    Tloc           0%         N/A       94%         2
 Manifold Assault         Tloc           0%         N/A       100%        5
 Storm Form               Tmut/Air       0%         N/A       100%        7


Dungeon Overview and Level Annotations

Branches:
Dungeon (4/15)
 Temple: D:4-7

Altars:
Okawaru

Annotations:
D:4 Duvessa


Innate Abilities, Weirdness & Mutations

You have a pair of small antennae on your head.
You have a somewhat thin skeletal structure. (Dex +2, Stealth+)


Message History

Duvessa closely misses you.
Duvessa is nearby!
You completely miss Duvessa.
Duvessa is lightly wounded.
Duvessa hits you with a +0 rapier!
You are too injured to fight recklessly!
You are too injured to fight recklessly!
You are too injured to fight recklessly!
Aiming: Corrosive Bolt
Press: ? - help, Shift-Dir - straight line, f - Duvessa
Aim: Duvessa, wielding a +0 rapier and wearing a +0 ring mail (lightly wounded, 79% to hit)
The bolt of acid hits Duvessa!
Duvessa is heavily wounded.
Duvessa hits you with a +0 rapier.
* * * LOW HITPOINT WARNING * * *
Aiming: Corrosive Bolt
Press: ? - help, Shift-Dir - straight line, f/p - Duvessa
Aim: Duvessa, wielding a +0 rapier and wearing a +0 ring mail (heavily wounded, 79% to hit)
The bolt of acid hits Duvessa!
Duvessa is severely wounded.
Duvessa drinks a potion.
Duvessa is healed!
Aiming: Corrosive Bolt
Press: ? - help, Shift-Dir - straight line, f/p - Duvessa
Aim: Duvessa, wielding a +0 rapier and wearing a +0 ring mail (lightly wounded, 79% to hit)
The bolt of acid misses Duvessa.
You hear a shout!
Duvessa hits you with a +0 rapier!
* * * LOW HITPOINT WARNING * * *
You hear a shout!
Aiming: Corrosive Bolt
Press: ? - help, Shift-Dir - straight line, f/p - Duvessa
Aim: Duvessa, wielding a +0 rapier and wearing a +0 ring mail (lightly wounded, 79% to hit)
The bolt of acid hits Duvessa!
The acid corrodes Duvessa!
Duvessa is heavily wounded.
Duvessa hits you with a +0 rapier.
* * * LOW HITPOINT WARNING * * *
You barely miss Duvessa.
Duvessa is heavily wounded.
Duvessa hits you with a +0 rapier.
You die...

#.# #.# #.# .# #.# .###
... .... #.# ..# #####
#e# ...# #... #@###..|###
##.######...†......
#>....))..†........
#######.#################
#.....#.# #.###.#.#####
#........[..#
#####.#.###.# .......#.#
#.#


You could see Duvessa (corroded).

Vanquished Creatures
  An iguana (D:3)
  3 adders
  A white imp (D:4)
  A worm (D:2)
  6 orcs
  4 ball pythons
  An endoplasm (D:2)
  2 giant cockroaches
  5 goblins
  10 hobgoblins
  4 kobolds
  A quokka (D:1)
  6 bats
  7 rats
52 creatures vanquished.

Notes
Turn   | Place    | Note
-------+----------+-------------------------------------------
     0 | D:1      | BritishOli the Demonspawn Fighter began the quest for the
                  | Orb.
     0 | D:1      | Reached XP level 1. HP: 18/18 MP: 1/1
   142 | D:1      | Found a faded altar of an unknown god.
   174 | D:1      | Gained mutation: You have a somewhat thin skeletal
                  | structure. (Dex +2, Stealth+) [demonic ancestry]
   174 | D:1      | Reached XP level 2. HP: 17/24 MP: 2/2
   847 | D:1      | Reached XP level 3. HP: 29/29 MP: 3/3
  1716 | D:3      | Found an iron altar of Okawaru.
  1727 | D:3      | Became a worshipper of Warmaster Okawaru
  1781 | D:3      | Gained mutation: You have a pair of small antennae on your
                  | head. [demonic ancestry]
  1781 | D:3      | Reached XP level 4. HP: 5/36 MP: 4/4
  3203 | D:4      | Noticed Duvessa
  3212 | D:4      | Slain by Duvessa

Illustrated notes

Levels and vault maps discovered:
D:1:      wander_arrival_estate, layout_loops_ring,
          chequers_ecumenical_altar_island, nrook_mini_vaults,
          kennysheep_nondescript, minmay_tall_x
D:2:      layout_basic
D:3:      layout_loops_ring, okawaru_metal_pillars_1_2
D:4:      layout_basic, elyvilon_altar_1, minmay_temple_entry_gardened_gates,
          uniq_pikel, uniq_duvessa

Skill      XL: |  1  2 |
---------------+-------+-----
Long Blades    | 2 |  2.7
Shields        | 3 |  3.4
Armour         | 3 |  3.3
Fighting       | |  3.7

Action                   |  1- 3 |  4- 6 || total
-------------------------+-------+-------++-------
Melee: Long sword        |   111 |    63 ||   174
Evoke: Wand              |       |     4 ||     4
 Stab: Sleeping          |     1 |       ||     1
Armor: Scale mail        |    58 |    28 ||    86
Dodge: Dodged            |    48 |    34 ||    82
Block: Buckler           |    25 |    17 ||    42

Table legend: (Time is in decaauts)
 A = Elapsed time spent in this place.
 B = Non-inter-level travel time spent in this place.
 C = Inter-level travel time spent in this place.
 D = Time resting spent in this place.
 E = Time spent auto-exploring this place.
 F = Levels seen in this place.
 G = Mean time per level.
                   A        B        C        D        E       F      G
               +--------+--------+--------+--------+--------+-----+--------+
         Total |   3269 |   3200 |     69 |    477 |   2290 |   4 |  817.2 |
       Dungeon |   3269 |   3200 |     69 |    477 |   2290 |   4 |  817.2 |
               +--------+--------+--------+--------+--------+-----+--------+

Top non-repeatable levels by time:
     D:3: 1100 daAuts
     D:1: 1010 daAuts
     D:2: 626 daAuts
     D:4: 532 daAuts
